 Dungeon Crawl Stone Soup version 0.15.1-3-g1b33baa (webtiles) character file.

214 Kex the Shield-Bearer (level 5, 0/39 HPs)
             Began as a Gargoyle Fighter on Oct 5, 2014.
             Was an Initiate of Cheibriados.
             Slain by an iron imp (5 damage)
             ... summoned by Eustachio
             ... on Level 4 of the Dungeon.
             The game lasted 00:09:29 (2524 turns).

Kex the Shield-Bearer (Gargoyle Fighter)            Turns: 2524, Time: 00:09:30

HP   0/39        AC  4     Str 20      XL: 5   Next: 91%
MP   3/5         EV 10     Int 10      God: Cheibriados [......]
Gold 192         SH  0     Dex 11      Spells:  0 memorised,  4 levels left

rFire  x . .     SeeInvis .     a - melded +0 flail
rCold  + + +     Clarity  .     b - melded +0 scale mail
rNeg   + . .     rCorr    .     c - melded +0 shield
rPois  +         rRot     +     t - melded +0 helmet
rElec  .         Spirit   .     (no cloak)
SustAb .         Warding  .     (gloves currently unavailable)
rMut   .         Stasis   .     B - melded +0 pair of boots
Gourm  .                        (no amulet)
MR     .....                    (no ring)
                                (no ring)

@: ice-form, very slow, not resistant to hostile enchantments, very unstealthy
A: negative energy resistance 1, (electricity resistance), (unbreathing),
petrification resistance, rot immunity, AC +4
a: Bend Time, Renounce Religion


You were on level 4 of the Dungeon.
You worshipped Cheibriados.
Cheibriados was noncommittal.
You were not hungry.
You were a creature of crystalline ice.
You visited 1 branch of the dungeon, and saw 4 of its levels.

You collected 192 gold pieces.

Inventory:

Hand weapons
 a - a +0 flail (melded)
Armour
 b - a +0 scale mail (melded)
 c - a +0 shield (melded)
 t - a +0 helmet (melded)
 B - a +0 pair of boots (melded)
Magical devices
 w - a wand of digging (18)
 x - a wand of paralysis (1)
Comestibles
 d - 4 bread rations
 i - 3 meat rations
 s - 2 beef jerkies
 v - a royal jelly
Scrolls
 j - 2 scrolls of teleportation {unknown}
 m - 2 scrolls of immolation {unknown}
 n - 3 scrolls of remove curse {unknown}
 o - a scroll of enchant armour {unknown}
 q - a scroll of random uselessness {unknown}
 y - 2 scrolls of magic mapping {unknown}
Jewellery
 p - a +1 ring of intelligence
Potions
 e - a potion of might
 g - 2 potions of confusion {unknown}
 h - 2 potions of heal wounds {unknown}
 k - 6 potions of curing
 l - a potion of agility {unknown}
 r - a potion of cure mutation {unknown}
 z - a potion of haste {unknown}
 A - a potion of cancellation {unknown}


   Skills:
 + Level 4.0 Fighting
 + Level 2.3 Maces & Flails
 + Level 4.4 Armour
 + Level 2.1 Dodging
 + Level 4.6 Shields


You had 4 spell levels left.
You didn't know any spells.

Dungeon Overview and Level Annotations

Branches:
Dungeon (4/15)
 Temple: D:4-7

Altars:
Cheibriados
Dithmenos
Fedhas
Qazlal
Sif Muna
Xom
Zin
The Shining One

Annotations:
D:4 Eustachio


Innate Abilities, Weirdness & Mutations

You are resistant to torment.
You are immune to poison.
((Your stone body is very resilient (AC +4).))
You resist negative energy.
((You are resistant to electric shocks.))
((You can survive without breathing.))
You are immune to petrification.
You are immune to rotting.


Message History

Eustachio is moderately wounded.
The quokka barely misses you. The green rat bites you!
You barely miss Eustachio.
Eustachio is moderately wounded.
Eustachio is no longer moving slowly.
Eustachio hits you with a glowing cutlass!
* * * LOW HITPOINT WARNING * * *
The quokka bites you but does no damage.
The green rat bites you.
* * * LOW HITPOINT WARNING * * *
The quokka bites you.
* * * LOW HITPOINT WARNING * * *
Eustachio casts a spell.
The green rat bites you.
* * * LOW HITPOINT WARNING * * *
There is a stone staircase leading up here.
The green rat bites you.
* * * LOW HITPOINT WARNING * * *
The iron imp hits you.
You die...

#..####'###+###...#
##..####.##..###...#
#......'......+....#
#......#......#....#
#......#......#....#
#.....##.....#.....#
#...@r##############
#...5r.# ##...Y##
######


You could see Eustachio, an iron imp, a green rat and a quokka.

Vanquished Creatures
  A sky beast (D:4)
  Ijyb (D:3)
  5 adders
  An inept item mimic (D:2)
  An ooze (D:3)
  An orc (D:3)
  5 bats
  2 giant cockroaches
  2 goblins
  5 hobgoblins
  4 jackals (D:3)
  7 kobolds
  3 quokkas
  8 giant newts
  7 rats
53 creatures vanquished.

Notes
Turn   | Place    | Note
--------------------------------------------------------------
     0 | D:1      | Kex, the Gargoyle Fighter, began the quest for the Orb.
     0 | D:1      | Reached XP level 1. HP: 14/14 MP: 1/1
   283 | D:1      | Reached XP level 2. HP: 16/19 MP: 2/2
   627 | D:2      | Found a blossoming altar of Fedhas.
   990 | D:2      | Reached XP level 3. HP: 16/23 MP: 3/3
  1248 | D:3      | Reached skill level 4 in Armour
  1261 | D:3      | Reached XP level 4. HP: 25/29 MP: 4/4
  1414 | D:3      | Reached skill level 1 in Dodging
  1560 | D:3      | Noticed Ijyb
  1565 | D:3      | Paralysed by Ijyb for 3 turns
  1573 | D:3      | Paralysed by Ijyb for 6 turns
  1580 | D:3      | Killed Ijyb
  1882 | D:3      | Found a snail-covered altar of Cheibriados.
  1884 | D:3      | Found a shimmering altar of Xom.
  1887 | D:3      | Found a glowing golden altar of the Shining One.
  1887 | D:3      | Found a glowing silver altar of Zin.
  1888 | D:3      | Found a deep blue altar of Sif Muna.
  1889 | D:3      | Found a stormy altar of Qazlal.
  1893 | D:3      | Found a shadowy altar of Dithmenos.
  1900 | D:3      | Became a worshipper of Cheibriados the Contemplative
  2182 | D:4      | Noticed a sky beast
  2204 | D:4      | Killed a sky beast
  2204 | D:4      | Reached XP level 5. HP: 28/33 MP: 5/5
  2256 | D:4      | Noticed Eustachio
  2524 | D:4      | Slain by an iron imp

Action                   |  1- 3 |  4- 6 || total
-------------------------+-------+-------++-------
Melee: Flail             |    90 |   116 ||   206
       Unarmed           |       |     8 ||     8
Invok: Bend Time         |       |     2 ||     2
Evoke: Wand              |       |     1 ||     1
  Use: Scroll            |       |     3 ||     3
  Eat: Chunk             |     1 |     3 ||     4
       Pizza             |       |     1 ||     1
